 Dungeon Crawl Stone Soup version 0.27.1-1-g398f81649c (webtiles) character file.

Game seed: 2354429425342127531

200 ABBCCCDDDD the Sneak (level 5, 0/39 HPs)
             Began as an Octopode Monk on Sept 15, 2021.
             Slain by an orc (5 damage)
             ... on level 4 of the Dungeon.
             The game lasted 00:03:58 (3719 turns).

ABBCCCDDDD the Sneak (Octopode Monk)                Turns: 3719, Time: 00:03:58

Health: 0/39       AC:  1    Str: 10    XL:     5   Next: 79%
Magic:  5/5        EV: 14    Int: 14    God:
Gold:   88         SH:  0    Dex: 14    Spells: 4/4 levels left

rFire    + . .     SeeInvis .   h - +3 spear (vorpal)
rCold    + . .     Faith    .   (no shield)
rNeg     . . .     Spirit   .   (helmet restricted)
rPois    +         Reflect  .   m - amulet of regeneration
rElec    +         Harm     .   (no ring)
rCorr    +         Rampage  .   (no ring)
Will     .....                  (no ring)
Stlth    ++++......             (no ring)
HPRegen  1.13/turn              (no ring)
MPRegen  0.09/turn              (no ring)
                                (no ring)
                                (no ring)

@: resistant
A: almost no armour, amphibious, 8 rings, camouflage 1, gelatinous body 1,
(nimble swimmer 1), tentacles
a: no special abilities


You were on level 4 of the Dungeon.
You visited 1 branch of the dungeon, and saw 4 of its levels.

You collected 88 gold pieces.

Inventory:

Hand Weapons
 a - a +0 spear
 h - a +3 vorpal spear (weapon)
Missiles
 c - 21 poisoned darts (quivered)
Jewellery
 l - an amulet of faith
 m - an amulet of regeneration (around mantle)
Scrolls
 b - a scroll of immolation {unknown}
 d - 7 scrolls of identify {unknown}
 f - a scroll of holy word {unknown}
 g - a scroll of acquirement {unknown}
 n - a scroll of blinking {unknown}
 p - a scroll of noise {unknown}
Potions
 i - a potion of might {unknown}
 j - a potion of curing {unknown}
 k - a potion of haste {unknown}
 o - 2 potions of heal wounds {unknown}


   Skills:
 + Level 5.0 Fighting
 - Level 3.0 Polearms
 - Level 3.7 Dodging
 - Level 5.0 Stealth


You had 4 spell levels left.
You didn't know any spells.
Your spell library was empty.

Dungeon Overview and Level Annotations

Branches:
Dungeon (4/15)
 Temple: D:4-7

Altars:


Innate Abilities, Weirdness & Mutations

You cannot wear most types of armour.
You are amphibious.
You can wear up to eight rings at the same time.
Your skin changes colour to match your surroundings (Stealth+).
Your rubbery body absorbs attacks. (AC +1, EV +1)
((You are camouflaged near water. (Stealth+)))
You have tentacles for arms and can constrict up to eight enemies at once.


Message History

The orc shouts! x2
Your grab misses the quokka. The quokka closely misses you.
You barely miss the quokka. You grab the quokka. You squeeze the quokka!
You kill the quokka!
Throw: 22 darts (poison)
Press: ? - help, Q - select action Shift-Dir - straight line, f - orc priest
Aim: an orc priest, wielding a +0 morningstar and wearing a +0 chain mail (68% to hit)
You throw a poisoned dart. The poisoned dart hits the orc priest.
The orc priest is poisoned.
You reach to attack!
You barely miss the orc priest.
The orc priest mumbles some strange prayers to Beogh against you.
Pain shoots through your body!
You reach to attack!
You hit the orc priest but do no damage.
The orc priest is lightly wounded.
You hit the orc priest. You grab the orc priest. You squeeze the orc priest.
The orc priest is heavily wounded.
You constrict the orc priest. The orc hits you with a +0 club.
The orc priest invokes the aid of Beogh against you.
Pain shoots through your body!
You hit the orc priest but do no damage.
You squeeze the orc priest, but do no damage.
The orc priest is severely wounded.
You constrict the orc priest, but do no damage.
The orc priest looks more healthy.
The orc completely misses you.
The orc priest struggles to escape constriction.
You hit the orc priest but do no damage.
The orc priest is severely wounded.
You constrict the orc priest, but do no damage.
The orc barely misses you. The orc priest barely misses you.
The orc hits you with a +0 dagger.
You release your grip on the orc priest.
The orc priest invokes the aid of Beogh against you.
Beogh smites you!
* * * LOW HITPOINT WARNING * * *
Okay, then.
It was a potion of resistance.
You feel protected. The orc hits you with a +0 club.
You die...

..........##..#######...#.
...........#+# #...##
...........#.............#
...........#.............#
..........[#.............#
...........#.............#
....(......#.......##....#
..?...$ooo.###.....##....#
...#####o@...#.....##....#
. #.....'...........#
#.....#>..........'
#.....#...........#
#.....#.....##....#
#######.....##....#
#......#......
##.....##.....
########.....


You could see an orc priest and 3 orcs.

Levels and vault maps discovered:
D:1:      amcnicky_arrival_single_pillar, layout_basic
D:2:      layout_basic, dilly_ecumenical_altar_fadedgnrine, minmay_tromino_v4_c
D:3:      layout_loops_corners, st_stairs_11
D:4:      layout_gridville, gammafunk_ghost_grave, uniq_natasha

Notes
Turn   | Place    | Note
-------+----------+-------------------------------------------
     0 | D:1      | ABBCCCDDDD the Octopode Monk began the quest for the Orb.
     0 | D:1      | Reached XP level 1. HP: 16/16 MP: 1/1
    74 | D:1      | Reached XP level 2. HP: 6/21 MP: 2/2
  1352 | D:2      | Reached XP level 3. HP: 12/26 MP: 3/3
  1764 | D:2      | Found a faded altar of an unknown god.
  2342 | D:3      | Reached XP level 4. HP: 32/32 MP: 4/4
  3172 | D:3      | Reached XP level 5. HP: 37/37 MP: 5/5
  3178 | D:3      | Reached skill level 5 in Stealth
  3258 | D:4      | Noticed an orc warrior
  3649 | D:4      | Noticed Natasha
  3656 | D:4      | Killed Natasha
  3657 | D:4      | Reached skill level 5 in Fighting
  3719 | D:4      | Slain by an orc

Table legend: (Time is in decaauts)
 A = Elapsed time spent in this place.
 B = Non-inter-level travel time spent in this place.
 C = Inter-level travel time spent in this place.
 D = Time resting spent in this place.
 E = Time spent auto-exploring this place.
 F = Levels seen in this place.
 G = Mean time per level.
                   A        B        C        D        E       F      G
               +--------+--------+--------+--------+--------+-----+--------+
         Total |   3713 |   3575 |    138 |    571 |   2457 |   4 |  928.2 |
       Dungeon |   3713 |   3575 |    138 |    571 |   2457 |   4 |  928.2 |
               +--------+--------+--------+--------+--------+-----+--------+

Top non-repeatable levels by time:
     D:1: 1215 daAuts
     D:2: 1130 daAuts
     D:3: 1046 daAuts
     D:4: 320 daAuts

Table legend:
 A = Kills in this place as a percentage of kills in entire the game.
 B = Kills by you in this place as a percentage of kills by you in the entire game.
 C = Kills by friends in this place as a percentage of kills by friends in the entire game.
 D = Other kills in this place as a percentage of other kills in the entire game.
 E = Experience gained in this place as a percentage of experience gained in the entire game.
 F = Experience gained in this place divided by the number of levels of this place that you have seen.
                   A       B       C       D       E      F
               +-------+-------+-------+-------+-------+----------------------
         Total | 100.0 | 100.0 |   N/A |   N/A | 100.0 |  71.8
       Dungeon | 100.0 | 100.0 |   N/A |   N/A | 100.0 |  71.8
               +-------+-------+-------+-------+-------+----------------------

Action                   |  1- 3 |  4- 6 || total
-------------------------+-------+-------++-------
Melee: Spear             |    87 |    64 ||   151
       Constrict         |    15 |    12 ||    27
       Tentacles         |    13 |    14 ||    27
Throw: Dart              |       |     1 ||     1
  Use: Potion            |       |     1 ||     1
 Stab: Sleeping          |    14 |     3 ||    17
       Distracted        |     1 |     2 ||     3
Armor: Skin              |     1 |     4 ||     5
Dodge: Dodged            |    22 |    23 ||    45

Vanquished Creatures
  Natasha (D:4)
  3 orc wizards
  3 adders
  A worm (D:2)
  A dart slug (D:1)
  3 orcs
  2 endoplasms (D:1)
  3 giant cockroaches
  7 goblins
  9 hobgoblins
  8 jackals
  4 quokkas
  4 ball pythons
  3 bats
  3 frilled lizards
  5 kobolds
  3 rats
63 creatures vanquished.
